Map: Bel'Shir Vestige LE (Void)

Players

BuCee

  • Race: Terran Terran
  • Spawn Location: 5:00

niceUsername - Winner!

  • Race: Terran Terran
  • Spawn Location: 11:00

Event: WCS Austin 2017

VOD

Have the link to the VOD?

Description

Time

  • Played on: April 28, 2017, 2:32 p.m.
  • Length: 10:26

All games in this series

Show
View Real Time Build Order
Export as new Build Order

BuCee Terran 

Build Orders: 1/1/1, Cyclone Opening, MMM Bio 

Get SALT Encoding   

  12  0:02  SCV  
  13  0:14  SCV  
  14  0:17  Supply Depot  
  14  0:26  SCV  
  15  0:28  Refinery  
  15  0:39  SCV  
  16  0:45  Barracks  
  16  0:51  SCV  
  17  0:59  Refinery  
  17  1:03  SCV  
  18  1:15  SCV  
  19  1:32  Orbital Command  
  19  1:33  Reaper  
  19  1:38  Factory  
  20  1:47  Supply Depot  
  20  1:57  SCV  
  21  2:09  Reaper, SCV  
  23  2:21  SCV  
  26  2:23  Hellion  
  26  2:24  Starport  
  26  2:35  SCV  
  27  2:40  Supply Depot  
  27  2:43  Barracks Reactor  
  27  2:47  Cyclone  
  30  2:51  SCV  
  31  3:00  Starport Tech Lab  
  31  3:03  SCV  
  32  3:15  SCV  
  33  3:21  Raven  
  33  3:22  Factory Tech Lab  
  35  3:31  SCV  
  35  3:33  Marine x2  
  38  3:38  Command Center  
  38  3:42  Supply Depot  
  38  3:45  Supply Depot  
  38  3:46  SCV  
  39  4:04  SCV  
  39  4:11  Marine x2  
  39  4:13  Siege Tank  
  39  4:16  SCV  
  45  4:20  Barracks  
  45  4:22  Barracks  
  45  4:31  SCV  
  46  4:43  SCV  
  46  4:45  Marine, Stimpack  
  48  4:46  Viking x2  
  52  4:52  Orbital Command  
  52  4:56  SCV  
  53  5:08  SCV  
  53  5:10  Barracks Reactor x2  
  53  5:11  Marauder  
  56  5:16  Siege Tank  
  56  5:20  SCV x2  
  61  5:24  Supply Depot  
  61  5:33  SCV x2  
  63  5:38  Engineering Bay  
  63  5:43  Marine  
  63  5:45  SCV  
  65  5:53  Command Center  
  65  5:54  Marine x2, SCV  
  65  5:55  Marine x2  
  70  5:57  SCV  
  70  6:01  Marine  
  72  6:07  Terran Infantry Weapons Level 1  
  72  6:13  Barracks  
  72  6:14  Siege Tank  
  72  6:16  Barracks, SCV x2  
  77  6:20  Refinery  
  77  6:22  Supply Depot  
  74  6:26  Supply Depot  
  74  6:28  SCV  
  74  6:29  Marine  
  74  6:30  Marine x3  
  79  6:37  SCV  
  80  6:40  SCV  
  76  6:54  Marine x2  
  76  6:55  Marine x2  
  76  6:59  SCV x2  
  82  7:02  Barracks Reactor x2  
  82  7:06  Combat Shields  
  82  7:07  Refinery  
  82  7:09  Orbital Command  
  82  7:13  SCV  
  82  7:14  SCV  
  82  7:15  Marine x3  
  84  7:16  Marine  
  86  7:25  SCV  
  86  7:28  Medivac x2  
  91  7:34  SCV  
  92  7:37  Marine x2  
  92  7:38  Marine x3, SCV  
  92  7:40  SCV  
  99  7:45  Siege Tank, Marine x2  
  99  7:46  SCV  
  104  7:54  Marine x2  
  102  7:58  Medivac x2  
  102  8:04  SCV x3  
  102  8:05  Marine x3  
  108  8:16  Marine x3, SCV  
  108  8:18  Siege Tank  
  115  8:22  Marine  
  115  8:23  Marine  
  117  8:33  Marine x2, SCV  
  117  8:37  Marine x2, SCV  
  117  8:39  SCV  
  111  8:45  Marine x4  
  111  8:47  SCV  
  111  8:48  Medivac  
  111  8:50  Siege Tank  
  111  8:52  Supply Depot  
  111  8:55  Supply Depot x2  
  114  8:57  Marine x3  
  114  8:58  Armory  
  97  9:04  SCV x2  
  97  9:08  Marine x2  
  97  9:09  Marine  
  93  9:10  Marine, SCV  
  93  9:11  Marine  
  93  9:12  Medivac  
  93  9:16  SCV  
  93  9:17  Marine x4  
  97  9:18  Medivac  
  97  9:22  Barracks, Siege Tank  
  97  9:23  Barracks x2  
  106  9:26  Marine x3  
  106  9:28  Marine  
  98  9:44  Marine x5  
  101  9:49  Marine x2  
  101  9:50  Marine x2  
  101  9:51  Medivac  
  84  10:02  Marine x2  
  84  10:03  Marine x3  
  89  10:10  Barracks Reactor x2  
Show
View Real Time Build Order
Export as new Build Order

niceUsername Terran - Winner!

Build Orders: MMM Bio 

Get SALT Encoding   

  12  0:00  SCV  
  13  0:12  SCV  
  14  0:17  Supply Depot  
  14  0:24  SCV  
  15  0:39  SCV  
  15  0:41  Barracks  
  16  0:51  SCV  
  16  0:53  Refinery  
  17  1:03  SCV  
  18  1:15  SCV  
  19  1:28  Marine  
  19  1:29  Orbital Command  
  20  1:44  Command Center  
  20  1:46  Marine  
  21  1:55  SCV  
  21  1:56  Factory  
  22  2:05  Supply Depot  
  22  2:07  SCV  
  23  2:16  Barracks Tech Lab  
  23  2:24  Barracks  
  23  2:26  SCV  
  24  2:38  SCV  
  26  2:46  Marauder  
  26  2:47  Hellion  
  26  2:50  SCV  
  30  3:00  Stimpack  
  30  3:02  Refinery  
  30  3:03  SCV  
  30  3:05  Orbital Command  
  31  3:10  Engineering Bay  
  30  3:15  SCV  
  30  3:20  Bunker  
  30  3:22  Factory Tech Lab  
  30  3:27  SCV  
  30  3:28  Marauder, Marine  
  30  3:31  SCV  
  35  3:39  SCV  
  36  3:43  SCV  
  36  3:45  Marine  
  38  3:48  Marine  
  38  3:51  SCV  
  38  3:52  Starport  
  40  3:56  SCV  
  40  3:58  Missile Turret  
  38  4:10  SCV  
  38  4:11  Bunker  
  38  4:13  SCV  
  40  4:22  SCV  
  40  4:24  Marauder  
  43  4:25  SCV  
  44  4:34  Supply Depot, SCV  
  44  4:35  Starport Tech Lab  
  44  4:37  SCV  
  46  4:41  Siege Tank, Marine  
  46  4:45  Command Center  
  50  4:47  Marauder  
  50  4:48  Terran Infantry Weapons Level 1  
  50  4:50  SCV  
  50  4:51  SCV  
  54  4:59  Supply Depot, Refinery, Marine  
  55  5:00  Refinery  
  55  5:02  SCV  
  55  5:05  Combat Shields  
  56  5:08  Supply Depot, Marine  
  56  5:09  SCV  
  58  5:14  SCV  
  58  5:20  Banshee  
  62  5:31  Marine x2  
  64  5:38  Barracks  
  64  5:40  Barracks  
  64  5:41  Barracks  
  64  5:42  Siege Tank, SCV  
  68  5:43  SCV  
  68  5:44  Barracks  
  69  5:53  Marine  
  69  5:54  Marine  
  69  5:55  SCV x2  
  73  6:02  SCV  
  73  6:03  Raven  
  76  6:09  SCV x2  
  76  6:10  Cloaking Field  
  78  6:11  Marine  
  78  6:18  Siege Tank  
  82  6:20  Marine  
  82  6:22  Barracks x2  
  83  6:28  SCV  
  83  6:31  SCV  
  85  6:36  Marine  
  85  6:39  Supply Depot  
  86  6:41  Supply Depot  
  86  6:44  Marine x2  
  86  6:45  Marine  
  89  6:50  Siege Tank  
  92  6:54  Marine  
  93  7:02  Marine x3  
  93  7:08  Orbital Command  
  96  7:12  Marine  
  97  7:19  Marine x2  
  97  7:20  Marine x3  
  102  7:22  Command Center  
  102  7:24  Barracks  
  102  7:26  Supply Depot  
  102  7:27  Terran Infantry Armor Level 1  
  102  7:29  Armory  
  102  7:30  Engineering Bay, Marine  
  103  7:37  Marine x2  
  103  7:38  Marine x3  
  108  7:47  Marine  
  108  7:48  Viking, Siege Tank  
  114  7:55  Marine x2  
  114  7:56  Marine x2  
  114  8:13  Marine  
  115  8:20  Marine  
  111  8:30  Marine x5  
  111  8:31  Widow Mine, Medivac  
  118  8:38  Marine  
  116  8:48  Marine x5  
  104  8:56  Marine  
  92  9:06  Marine x5  
  92  9:11  Siege Tank  
  92  9:14  Marine  
  96  9:24  Marine x5  
  101  9:31  Marine  
  101  9:32  Barracks x2  
  101  9:33  Barracks  
  100  9:41  Marine  
  100  9:42  Marine x4  
  99  9:49  Marine  
  95  9:59  Marine x4  
  96  10:00  Marine  
  100  10:07  Marine  
Tags
 
Add a new tag
Caveats
  • Supply blocks, unpowered buildings, or Contaminate may cause inaccurate times.
  • Supply counts are checked every 10 seconds.